 Dungeon Crawl Stone Soup version 0.31-a0-810-ga77100ea1a (webtiles) character file.

Game seed: 7203067372057816584

9919 quinnr the Zephyrmancer (level 11, -10/67 HPs)
             Began as a Tengu Air Elementalist on Sept 21, 2023.
             Was a Believer of Vehumet.
             Mangled by a death yak (17 damage)
             ... on level 9 of the Dungeon on Sept 22, 2023.
             The game lasted 00:28:14 (14875 turns).

quinnr the Zephyrmancer (Tengu Air Elementalist)   Turns: 14875, Time: 00:28:14

Health: -10/67     AC:  8    Str:  9    XL:     11   Next: 54%
Magic:  9/22       EV: 19    Int: 20    God:    Vehumet [**....]
Gold:   410        SH:  5    Dex: 14    Spells: 12/24 levels left

rFire   + . .        b - +2 dagger (speed)
rCold   + . .        n - +0 buckler
rNeg    . . .        I - +3 leather armour {rC+}
rPois   .            (helmet restricted)
rElec   .            k - +0 cloak
rCorr   .            u - +0 pair of gloves
SInv    .            (boots unavailable)
Will    .....        (no amulet)
Stlth   +++          F - ring of protection from fire
HPRegen 0.31/turn    (no ring)
MPRegen 0.18/turn

%: acrobat
@: flying, studying Shields
A: beak, talons 3, evasive flight, acrobatic
a: Renounce Religion


You were on level 9 of the Dungeon.
You worshipped Vehumet.
Vehumet was pleased with you.
You visited 3 branches of the dungeon, and saw 12 of its levels.
You also visited: Sewer.

You collected 410 gold pieces.


Innate Abilities, Weirdness & Mutations

You have a beak for a mouth.
You have claws for feet.
Your magical flight helps you evade attacks. (EV +4)
You can magically evade attacks while moving or waiting.


   Skills:
 + Level 7.3 Fighting
 - Level 3.0 Short Blades
 + Level 2.3 Armour
 - Level 9.0 Dodging
 - Level 6.0 Stealth
 - Level 6.0 Shields
 - Level 7.0 Spellcasting
 - Level 2.0 Conjurations
 + Level 11.8 Air Magic
 - Level 2.0 Evocations


You had 12 spell levels left.
You knew the following spells:

 Your Spells              Type           Power      Damage    Failure   Level
a - Airstrike             Air            26%        2d(4-20)  1%          4
i - Swiftness             Air            53%        N/A       1%          3
p - Poisonous Vapours     Pois/Air       60%        N/A       2%          2
t - Static Discharge      Conj/Air       68%        2-5/arc   1%          2
z - Shock                 Conj/Air       100%       1d9       1%          1

Your spell library contained the following spells:

 Spells                   Type           Power      Damage    Failure   Level
 Lesser Beckoning         Tloc           14%        N/A       26%         2
 Stone Arrow              Conj/Erth      22%        3d8       34%         3
 Gell's Gravitas          Tloc           7%         N/A       47%         3
 Teleport Other           Tloc           7%         N/A       47%         3
 Animate Armour           Summ/Erth      14%        N/A       87%         4
 Lehudib's Crystal Spear  Conj/Erth      5%         10d3      100%        8

Inventory:

Hand Weapons
 b - a +2 dagger of speed (weapon)
 E - a +0 dagger of freezing
Missiles
 i - 3 throwing nets {=f}
Armour
 c - a +0 leather armour of fire resistance
 k - a +0 cloak (worn)
 n - a +0 buckler (worn)
 u - a +0 pair of gloves (worn)
 w - a +0 robe
 I - a +3 leather armour of cold resistance (worn)
Magical Staves
 a - a staff of conjuration {!a}
Jewellery
 f - a ring of protection from fire
 D - a +6 ring of dexterity
 F - a ring of protection from fire (left hand)
 L - a ring of flight
Wands
 v - a wand of charming (3)
 y - a wand of flame (5)
 C - a wand of roots (13)
Scrolls
 e - a scroll of amnesia
 h - 5 scrolls of teleportation {@r2}
 m - a scroll of enchant weapon {unknown}
 o - a scroll of fog
 t - a scroll of noise
 x - a scroll of immolation {unknown}
 B - a scroll of silence {unknown}
 G - a scroll of vulnerability {unknown}
Potions
 d - 3 potions of mutation
 g - 3 potions of might
 j - a potion of resistance
 l - 4 potions of curing {@q1}
 p - 3 potions of heal wounds {@q2}
 q - 2 potions of haste {@q3}
 r - a potion of brilliance
 s - 5 potions of magic
 z - a potion of attraction
 A - a potion of ambrosia
 H - a potion of cancellation {unknown}

Dungeon Overview and Level Annotations

Branches:
Dungeon (10/15)            Temple (1/1) D:6            Lair (1/5) D:9
  Sewer (visited)
    Orc: D:9-12

Altars:
Ashenzari
Cheibriados
Dithmenos
Elyvilon
Fedhas
Gozag
Hepliaklqana
Kikubaaqudgha
Makhleb
Nemelex Xobeh
Okawaru
Qazlal
Ru
Sif Muna
Trog
Uskayaw
Vehumet
Wu Jian
Xom
Yredelemnul
Zin
The Shining One

Shops:
D:3 =**[   D:6 (

Annotations:
D:5 exclusion: downstairs
D:6 2 transporters, exclusion: downstairs, puppykicker's ghost, novice OpSh

#.# #..# #.)
#.# #..# #..
#.# #.># #..
#.# #..# #..
#.# #..# #..
#.# #..# #..
#.# #..# #..
#.# #..# #..
#@# #..# #..
#Y# #..# #..
#.# #..# #..
#.# #..# #..
#.#######..#
#..
#..........#
#..
############
###


You could see a death yak (very poisoned).


Message History

The zap hits the death yak.
The death yak is heavily wounded.
The death yak completely misses you.
Unknown command.
Casting: Shock (safe; 1% risk of failure)
Confirm with . or Enter, or press ? or * to list all spells.
Aiming: Poisonous Vapours (safe; 2% risk of failure)
Press: ? - help, Dir - move target, f/p - death yak
Aim: a death yak (heavily wounded, very poisoned) Poisonous vapours surround the death yak!
The death yak looks as sick as possible!
The death yak gores you.
* * * LOW HITPOINT WARNING * * *
Casting: Poisonous Vapours (safe; 2% risk of failure)
Confirm with . or Enter, or press ? or * to list all spells.
Aiming: Airstrike (dangerous; 1% risk of failure)
Press: ? - help, Dir - move target, f/p - death yak
Aim: a death yak (severely wounded, extremely poisoned, empty space bonus: 1/8)
The air twists around and strikes the death yak.
The death yak is severely wounded.
The death yak gores you!!
* * * LOW HITPOINT WARNING * * *
Casting: Airstrike (dangerous; 1% risk of failure)
Confirm with . or Enter, or press ? or * to list all spells.
Aiming: Airstrike (dangerous; 1% risk of failure)
Press: ? - help, Dir - move target, f/p - death yak
Aim: a death yak (almost dead, very poisoned, empty space bonus: 1/8)
The air twists around and strikes the death yak but does no damage.
The death yak gores you!
You die...

Skill      XL: |  1  2  3  4  5  6  7  8  9 10 11 |
---------------+----------------------------------+-----
Air Magic      | 5 6 8 9 10 11 | 11.8
Fighting       | 2 3 4 5 7 |  7.3
Dodging        | 4 6 7 9 |  9.0
Shields        | 3 4 6 |  6.0
Conjurations   | 2 |  2.0
Spellcasting   | 3 6 7 |  7.0
Short Blades   | 3 |  3.0
Evocations     | 2 |  2.0
Stealth        | 4 6 |  6.0
Armour         | 2 |  2.3

Action                     |  1- 3 |  4- 6 |  7- 9 | 10-12 || total
---------------------------+-------+-------+-------+-------++-------
  Melee: Unarmed           |     8 |       |       |       ||     8
         Dagger            |     4 |     7 |    53 |    16 ||    80
         Kick              |     1 |     2 |    15 |     8 ||    26
         Peck              |     1 |       |    12 |     5 ||    18
         Punch             |       |     1 |       |       ||     1
   Cast: Shock             |    63 |    97 |   189 |    36 ||   385
         Airstrike         |       |     7 |    57 |   109 ||   173
         Static Discharge  |       |       |    16 |    15 ||    31
         Swiftness         |       |       |       |     4 ||     4
         Poisonous Vapours |       |       |       |    12 ||    12
    Use: Scroll            |       |     5 |     7 |     4 ||    16
   Stab: Sleeping          |       |       |     2 |       ||     2
 Armour: Robe              |    16 |    18 |    39 |    15 ||    88
         Leather armour    |       |       |       |    22 ||    22
         Skin              |       |       |       |     1 ||     1
  Dodge: Dodged            |    13 |    36 |   108 |    87 ||   244
  Block: Buckler           |       |       |     6 |    26 ||    32

Levels and vault maps discovered:
D:1:      nicolae_arrival_washed_ashore, layout_loops_ring
D:2:      layout_rooms, basic_altar
D:3:      layout_basic, lemuel_crystal_altar, minitemple, serial_shops,
          shop_fountains, shop, shop, shop, kennysheep_big_empty_room
D:4:      nicolae_cairo_tiling_large_dashed, layout_loops_corners,
          nicolae_tso_swordbearing_angel, kennysheep_flooded_box,
          hangedman_decor_push
D:5:      layout_cave_pools, gup_sewer_entry_bowl
D:6:      layout_loops_ring, ashenzari_conservatory_becter,
          minmay_temple_entry_junction, serial_shops, shop,
          gammafunk_ghost_smash
D:7:      layout_loops_corners, okawaru_trees_2, mainiacjoe_overflow_brackets,
          minmay_misc_feat_alley, uniq_duvessa
D:8:      layout_cave_pools, mainiacjoe_overflow_cross_hatched,
          general_overflow_altar, uniq_prince_ribbit1, uniq_pikel
D:9:      layout_long_grid, mainiacjoe_overflow_alcove_4,
          mainiacjoe_overflow_small_starburst, marbit_many_paths,
          lair_entry_dummy, uniq_joseph
D:10:     layout_stronghold
Temple:   nicolae_temple_ecumenical_triangle
Lair:1:   layout_regular_city, grunt_megastairs_4

Notes
Turn   | Place    | Note
-------+----------+-------------------------------------------
     0 | D:1      | quinnr the Tengu Air Elementalist began the quest for the
                  | Orb.
     0 | D:1      | Reached XP level 1. HP: 10/10 MP: 4/4
   252 | D:1      | Reached XP level 2. HP: 15/15 MP: 1/6
   496 | D:1      | Reached skill level 5 in Air Magic
   739 | D:1      | HP: 1/15 [hobgoblin (4)]
   869 | D:1      | Reached XP level 3. HP: 19/19 MP: 4/7
  1067 | D:3      | Found Lorios's Armour Shop.
  1228 | D:3      | Reached skill level 6 in Air Magic
  1228 | D:3      | Reached XP level 4. HP: 24/24 MP: 1/8
  1242 | D:3      | Reached skill level 1 in Fighting
  1423 | D:3      | Reached skill level 2 in Fighting
  1592 | D:3      | Reached XP level 5. HP: 26/31 MP: 0/9
  1783 | D:3      | Found Nyutowk's General Store.
  1803 | D:3      | Found Nutaiv's Assorted Antiques.
  1881 | D:3      | Found a shimmering blue altar of Sif Muna.
  1884 | D:3      | Found a shadowy altar of Dithmenos.
  1911 | D:3      | Found a sacrificial altar of Ru.
  2004 | D:3      | Reached skill level 3 in Dodging
  2238 | D:3      | Found Xyfaf's Jewellery Shoppe.
  2360 | D:3      | Reached skill level 3 in Fighting
  2432 | D:3      | Learned a level 4 spell: Airstrike
  2675 | D:4      | Noticed an ogre
  2723 | D:4      | Killed an ogre
  2724 | D:4      | Reached skill level 4 in Dodging
  2724 | D:4      | Reached XP level 6. HP: 37/37 MP: 0/10
  2861 | D:4      | Reached skill level 7 in Air Magic
  3038 | D:4      | Identified a potion of resistance
  3129 | D:4      | Noticed an orc warrior
  3175 | D:4      | Killed an orc warrior
  3176 | D:4      | Reached skill level 8 in Air Magic
  3176 | D:4      | Gained mutation: Your magical flight helps you evade
                  | attacks. (EV +4) [Tengu growth]
  3176 | D:4      | Reached XP level 7. HP: 25/41 MP: 0/11
  3569 | D:4      | Found a glowing golden altar of the Shining One.
  3968 | D:4      | Reached skill level 1 in Shields
  4074 | D:5      | Entered Level 5 of the Dungeon
  4099 | D:5      | Learned a level 2 spell: Static Discharge
  4103 | D:5      | Learned a level 3 spell: Swiftness
  4108 | D:5      | Reached skill level 9 in Air Magic
  4142 | D:5      | Reached skill level 2 in Shields
  4155 | D:5      | Found a glowing drain.
  4159 | Sewer    | Entered a sewer
  4724 | Sewer    | Reached skill level 3 in Shields
  5378 | D:5      | Reached XP level 8. HP: 46/46 MP: 7/12
  5459 | D:5      | Reached skill level 4 in Shields
  5667 | D:5      | Reached skill level 2 in Conjurations
  5853 | D:5      | Reached skill level 4 in Fighting
  5853 | D:5      | Reached skill level 5 in Dodging
  6217 | D:6      | Noticed puppykicker's ghost (novice OpSh)
  6217 | D:6      | Identified the +7 dire flail of Compassion {heavy, rF-
                  | Dex+5}
  6218 | D:6      | Found a transporter.
  6222 | D:6      | Found a transporter.
  6316 | D:6      | Reached skill level 6 in Dodging
  6556 | D:6      | Reached skill level 3 in Spellcasting
  6680 | D:6      | Reached skill level 1 in Short Blades
  6785 | D:6      | Found a broken altar of Ashenzari.
  7131 | D:6      | Reached skill level 2 in Short Blades
  7239 | D:6      | Found a staircase to the Ecumenical Temple.
  7276 | Temple   | Entered the Ecumenical Temple
  7285 | Temple   | Became a worshipper of Vehumet
  7361 | D:6      | Reached skill level 3 in Short Blades
  7361 | D:6      | Reached XP level 9. HP: 46/52 MP: 8/15
  7460 | D:6      | Reached skill level 4 in Spellcasting
  7571 | D:6      | Found Yvops's Antique Weapon Boutique.
  7867 | D:7      | Noticed Duvessa
  7867 | D:7      | Noticed Dowan
  7873 | D:7      | Killed Dowan
  7979 | D:4      | Identified the +2 chain mail "Peddat" {rCorr}
  8140 | D:7      | Reached skill level 1 in Evocations
  8320 | D:7      | Reached skill level 2 in Evocations
  8341 | D:7      | Reached skill level 5 in Spellcasting
  8757 | D:7      | Reached skill level 6 in Spellcasting
  9022 | D:7      | Reached * piety under Vehumet
  9022 | D:7      | Offered knowledge of Sandblast by Vehumet.
  9026 | D:7      | Reached skill level 3 in Stealth
  9596 | D:7      | Killed Duvessa
  9597 | D:7      | Reached skill level 7 in Dodging
  9597 | D:7      | Reached skill level 4 in Stealth
  9709 | D:7      | Found a hide-covered altar of Uskayaw.
 10004 | D:7      | Found an iron altar of Okawaru.
 10281 | D:8      | Reached XP level 10. HP: 56/56 MP: 14/20
 10316 | D:8      | Found a bloodstained altar of Trog.
 10510 | D:8      | Noticed a two-headed ogre
 10511 | D:8      | Noticed a two-headed ogre
 10515 | D:8      | Killed a two-headed ogre
 10516 | D:8      | Reached skill level 8 in Dodging
 10516 | D:8      | Reached skill level 5 in Stealth
 10516 | D:8      | Reached skill level 5 in Shields
 10568 | D:8      | Reached skill level 6 in Shields
 10746 | D:8      | Noticed Pikel
 10750 | D:8      | Killed Pikel
 10751 | D:8      | Reached skill level 6 in Stealth
 10845 | D:8      | Killed a two-headed ogre
 10846 | D:8      | Reached skill level 9 in Dodging
 11255 | D:8      | Noticed Prince Ribbit
 11257 | D:8      | Killed Prince Ribbit
 11583 | D:8      | Found a shimmering altar of Xom.
 11823 | D:9      | Reached skill level 5 in Fighting
 11834 | D:8      | HP: 1/59 [yak (14)]
 12191 | D:9      | Reached skill level 10 in Air Magic
 12194 | D:9      | Reached ** piety under Vehumet
 12194 | D:9      | Offered knowledge of Momentum Strike by Vehumet.
 12356 | D:9      | Reached XP level 11. HP: 64/64 MP: 9/22
 12434 | D:8      | Reached skill level 7 in Spellcasting
 12696 | D:9      | Reached skill level 6 in Fighting
 12824 | D:9      | Found a staircase to the Lair.
 12885 | D:9      | Found a basalt altar of Yredelemnul.
 13040 | D:9      | Reached skill level 11 in Air Magic
 13441 | D:9      | Found an opulent altar of Gozag.
 13812 | D:9      | Offered knowledge of Poisonous Vapours by Vehumet.
 13908 | D:9      | Noticed Joseph
 13921 | D:9      | Killed Joseph
 14288 | D:9      | Found a sparkling altar of Nemelex Xobeh.
 14344 | D:10     | Entered Level 10 of the Dungeon
 14408 | Lair:1   | Entered Level 1 of the Lair of Beasts
 14420 | Lair:1   | Noticed a death yak
 14426 | Lair:1   | Learned a level 2 spell: Poisonous Vapours
 14436 | Lair:1   | Noticed a death yak
 14452 | D:9      | Killed a death yak
 14453 | D:9      | Reached skill level 7 in Fighting
 14453 | D:9      | Reached skill level 1 in Armour
 14556 | Lair:1   | Noticed a death yak
 14557 | Lair:1   | Noticed a death yak
 14598 | D:9      | Killed a death yak
 14599 | D:9      | Reached skill level 2 in Armour
 14874 | D:9      | HP: 6/67 [death yak (26)]
 14875 | D:9      | Mangled by a death yak

Vanquished Creatures
  2 two-headed ogres (D:8)
  2 death yaks (D:9)
  Pikel (D:8)
  Joseph (D:9)
  A troll (D:9)
  Prince Ribbit (D:8)
  A vampire (D:9)
  A shadow (D:9)
  A wraith (D:9)
  A wyvern (D:7)
  A steam dragon (D:8)
  3 vampire mosquitoes
  6 yaks
  2 acid dragons (D:9)
  A water moccasin (D:5)
  Duvessa (D:7)
  3 orc warriors
  3 ice beasts
  2 ogres
  3 centaurs
  A phantom (D:4)
  4 kobold brigands
  5 bullfrogs
  A gnoll sergeant (D:9)
  3 scorpions
  10 wights
  Dowan (D:7)
  13 killer bees
  A howler monkey (D:8)
  3 jellies
  2 gnoll boudas (D:8)
  3 orc priests
  A hound (D:4)
  5 iguanas
  5 orc wizards
  14 adders
  21 gnolls
  2 river rats
  A shadow imp (D:4)
  2 white imps
  2 ufetubi (D:5)
  7 worms
  A dart slug (D:3)
  28 orcs
  6 ball pythons
  3 bats
  7 endoplasms
  2 giant cockroaches
  5 goblins
  3 hobgoblins
  7 jackals
  24 kobolds
  5 quokkas
  2 frilled lizards
  5 rats
242 creatures vanquished.

Table legend: (Time is in decaauts)
 A = Elapsed time spent in this place.
 B = Non-inter-level travel time spent in this place.
 C = Inter-level travel time spent in this place.
 D = Time resting spent in this place.
 E = Time spent auto-exploring this place.
 F = Levels seen in this place.
 G = Mean time per level.
                   A        B        C        D        E       F      G
               +--------+--------+--------+--------+--------+-----+--------+
         Total |  14875 |  14217 |    658 |   2954 |   8848 |  13 | 1144.2 |
       Dungeon |  13628 |  12979 |    649 |   2529 |   8265 |  10 | 1362.8 |
        Temple |     18 |      9 |      9 |      0 |      0 |   1 |   18.0 |
          Lair |     41 |     41 |      0 |      0 |     11 |   1 |   41.0 |
         Sewer |   1186 |   1186 |      0 |    425 |    572 |   1 | 1186.0 |
               +--------+--------+--------+--------+--------+-----+--------+

Top non-repeatable levels by time:
     D:7: 2303 daAuts
     D:8: 2095 daAuts
     D:9: 2063 daAuts
     D:6: 1963 daAuts
     D:4: 1837 daAuts
     D:3: 1421 daAuts
   Sewer: 1186 daAuts
     D:1: 986 daAuts
     D:5: 889 daAuts
     D:2: 65 daAuts
  Lair:1: 41 daAuts
  Temple: 18 daAuts
    D:10: 1 daAuts

Table legend:
 A = Non-vault XP
 B = Vault XP
 C = Vault XP percentage of total XP
 D = Non-vault monster count
 E = Vault monster count
 F = Vault count percentage of total count
                 A         B        C        D         E       F
            +---------+---------+-------+---------+---------+-------
      Total |   12314 |    1856 |  13.1 |     207 |      35 |  14.5
            +---------+---------+-------+---------+---------+-------
        D:1 |      35 |       0 |   0.0 |      19 |       0 |   0.0
        D:2 |      18 |       0 |   0.0 |       3 |       0 |   0.0
        D:3 |     205 |       0 |   0.0 |      26 |       0 |   0.0
        D:4 |     558 |       0 |   0.0 |      24 |       0 |   0.0
        D:5 |     659 |      21 |   3.1 |      14 |       4 |  22.2
        D:6 |     920 |       0 |   0.0 |      20 |       0 |   0.0
        D:7 |    1779 |     213 |  10.7 |      39 |       2 |   4.9
        D:8 |    3325 |     890 |  21.1 |      27 |       2 |   6.9
        D:9 |    4815 |     527 |   9.9 |      35 |       2 |   5.4
      Sewer |       0 |     205 | 100.0 |       0 |      25 | 100.0
            +---------+---------+-------+---------+---------+-------

Levels and vault maps discovered:
D:1:      nicolae_arrival_washed_ashore, layout_loops_ring
D:2:      layout_rooms, basic_altar
D:3:      layout_basic, lemuel_crystal_altar, minitemple, serial_shops,
          shop_fountains, shop, shop, shop, kennysheep_big_empty_room
D:4:      nicolae_cairo_tiling_large_dashed, layout_loops_corners,
          nicolae_tso_swordbearing_angel, kennysheep_flooded_box,
          hangedman_decor_push
D:5:      layout_cave_pools, gup_sewer_entry_bowl
D:6:      layout_loops_ring, ashenzari_conservatory_becter,
          minmay_temple_entry_junction, serial_shops, shop,
          gammafunk_ghost_smash
D:7:      layout_loops_corners, okawaru_trees_2, mainiacjoe_overflow_brackets,
          minmay_misc_feat_alley, uniq_duvessa
D:8:      layout_cave_pools, mainiacjoe_overflow_cross_hatched,
          general_overflow_altar, uniq_prince_ribbit1, uniq_pikel
D:9:      layout_long_grid, mainiacjoe_overflow_alcove_4,
          mainiacjoe_overflow_small_starburst, marbit_many_paths,
          lair_entry_dummy, uniq_joseph
D:10:     layout_stronghold
Temple:   nicolae_temple_ecumenical_triangle
Lair:1:   layout_regular_city, grunt_megastairs_4
